 Dungeon Crawl Stone Soup version 0.31-a0-236-g9a0961fb85 (webtiles) character file.

Game seed: 9013974175451049317

460 qw the Shooter (level 6, -11/52 HPs)
             Began as a Minotaur Hexslinger on July 10, 2023.
             Killed by divine providence
             ... invoked by an orc priest
              (12 damage)
             ... on level 4 of the Dungeon.
             The game lasted 00:01:33 (3555 turns).

qw the Shooter (Minotaur Hexslinger)                Turns: 3555, Time: 00:01:33

Health: -11/52     AC:  6    Str: 13    XL:     6   Next: 78%
Magic:  6/6        EV: 11    Int: 10    God:
Gold:   240        SH:  0    Dex: 14    Spells: 6/7 levels left

rFire   + . .        Y - +1 sling
rCold   . . .        (no shield)
rNeg    . . .        d - +0 ring mail
rPois   +            (helmet restricted)
rElec   .            (no cloak)
rCorr   .            i - +0 pair of gloves
SInv    .            (no boots)
Will    .....        (no amulet) Stlth
                     j - ring of protection from fire
HPRegen 0.28/turn    l - ring of poison resistance
MPRegen 0.10/turn

%: no passive effects
@: confused, lethally poisoned (-11 -> -21), about to teleport
A: horns 2, retaliatory headbutt
a: no special abilities


You were on level 4 of the Dungeon.
You visited 2 branches of the dungeon, and saw 6 of its levels.

You collected 240 gold pieces.


Innate Abilities, Weirdness & Mutations

You have a pair of horns on your head.
You reflexively headbutt those who attack you in melee.


   Skills:
 - Level 4.0 Fighting
 + Level 6.9 Ranged Weapons
 - Level 2.0 Armour
 - Level 2.1 Dodging
 - Level 1.0 Spellcasting
 - Level 2.0 Hexes


You had 6 spell levels left.
You knew the following spells:

 Your Spells              Type           Power      Damage    Failure   Level
a - Slow                  Hex            16%        N/A       32%         1

Your spell library contained the following spells:

 Spells                   Type           Power      Damage    Failure   Level
 Inner Flame              Hex/Fire       2%         N/A       82%         3
 Portal Projectile        Hex/Tloc       4%         N/A       82%         3
 Cause Fear               Hex            2%         N/A       97%         4

Inventory:

Hand Weapons
 Y - a +1 sling (weapon)
Armour
 d - a +0 ring mail (worn)
 i - a +0 pair of gloves (worn)
Jewellery
 j - a ring of protection from fire (left hand)
 l - a ring of poison resistance (right hand)
Scrolls
 a - a scroll of identify
Potions
 b - 2 potions of mutation
 c - 2 potions of haste
 e - a potion of enlightenment {unknown}
 f - a potion of resistance {unknown}
 g - a potion of attraction {unknown}
 h - a potion of might {unknown}
 k - a potion of degeneration {unknown}
 m - a potion of cancellation {unknown}

Dungeon Overview and Level Annotations

Branches:
Dungeon (5/15)             Temple (1/1) D:4

Altars:
Ashenzari
Dithmenos
Fedhas
Gozag
Nemelex Xobeh
Qazlal
Ru
Trog
Vehumet
The Shining One


Message History

You resist with some effort. The orc wizard misses you.
You feel less confused.
You feel sick.
The orc wizard hits you but does no damage.
The orc wizard closely misses you.
3552 ||| READING scroll of teleportation.
As you read the scroll of teleportation, it crumbles to dust.
You feel strangely unstable.
You feel sick. The orc wizard casts a spell at you.
You resist with some effort.
The orc wizard hits you with a +2 dagger of venom.
You shoot a sling bullet.
The sling bullet barely misses the orc wizard.
The sling bullet hits the orc.
The orc is almost dead.
You feel sick. The orc wizard closely misses you.
The orc wizard gestures wildly while chanting.
The orc wizard flickers and vanishes!
Deactivating autopickup; reactivate with Ctrl-A.
You shoot a sling bullet.
The sling bullet closely misses the orc wizard.
The sling bullet hits the orc!
You kill the orc!
You feel sick. The orc wizard misses you. You furiously retaliate!
You headbutt the orc wizard! Something hits you.
The orc priest mumbles some strange prayers to Beogh against you.
Something writhes in agony.
You shoot a sling bullet.
The sling bullet hits the orc wizard but does no damage.
The orc wizard is severely wounded.
You feel sick.
You are no longer poisoned.
The orc wizard gestures at you while chanting.
You are confused.
Something hits you but does no damage.
You are lethally poisoned!
The orc priest mumbles some strange prayers to Beogh against you.
Beogh smites you!
You die...

..#.#.#.#....####.#
..#...............#
#.#...#......)[####
#.#####.####..[#
#.......# ###.###
######### #...#
##### ##.o# ....#
##{# ###.# #@#
###.# #o# ....# #)#
################.#
.................#
##################


You could see an orc priest and an orc wizard.

Vanquished Creatures
  A scorpion (D:4)
  A hound (D:4)
  3 orc priests (D:4)
  An iguana (D:4)
  Natasha (thrice) (D:3)
  An orc wizard (D:4)
  6 adders
  An ufetubus (D:4)
  2 worms (D:2)
  4 dart slugs
  14 orcs
  8 ball pythons
  4 bats
  2 endoplasms
  2 giant cockroaches
  6 goblins
  5 hobgoblins
  3 jackals (D:3)
  5 quokkas
  6 frilled lizards
  5 kobolds
  4 rats
87 creatures vanquished.

Notes
Turn   | Place    | Note
-------+----------+-------------------------------------------
     0 | D:1      | qw the Minotaur Hexslinger began the quest for the Orb.
     0 | D:1      | Reached XP level 1. HP: 16/16 MP: 1/1
     0 | D:1      | 0 ||| qw: Version: 0.3-a-52-g30416fa
     0 | D:1      | 0 ||| qw: Game counter: 4793
     0 | D:1      | 0 ||| qw: Melee chars always use a shield: true
     0 | D:1      | 0 ||| qw: God list: Okawaru
     0 | D:1      | 0 ||| qw: Allow faded altars: false
     0 | D:1      | 0 ||| qw: Do Orc after clearing Dungeon:15 true
     0 | D:1      | 0 ||| qw: Do second Lair branch before Depths: true
     0 | D:1      | 0 ||| qw: Lair rune preference: random
     0 | D:1      | 0 ||| qw: Goals: Normal
     0 | D:1      | 0 ||| PLANNING D:1-11
   187 | D:1      | Reached skill level 3 in Ranged Weapons
   197 | D:1      | Reached XP level 2. HP: 23/23 MP: 2/2
   635 | D:1      | 635 ||| UPGRADING to +0 ring mail.
   645 | D:1      | 645 ||| DROPPING +0 robe.
   646 | D:1      | 646 ||| READING scroll labelled PUKHLA FAKAULE.
   647 | D:1      | 647 ||| DROPPING scroll of poison.
   869 | D:2      | Reached XP level 3. HP: 30/30 MP: 3/3
   874 | D:2      | Found a faded altar of an unknown god.
   889 | D:2      | 889 ||| READING scroll labelled COEWOCW OSER.
  1267 | D:2      | Reached skill level 4 in Ranged Weapons
  1441 | D:2      | 1441 ||| READING scroll labelled KOWKESIKAC.
  1442 | D:2      | 1442 ||| READING 2 scrolls labelled RIXKEO YXKOE.
  1443 | D:2      | 1443 ||| DRINKING 2 bubbling ruby potions.
  1444 | D:2      | 1444 ||| DROPPING scroll of fog.
  1497 | D:3      | Identified the +6 spear "Japtiff" {venom, rF+ Dex+3}
  1498 | D:3      | Noticed Natasha
  1505 | D:3      | Killed Natasha
  1506 | D:3      | Reached XP level 4. HP: 27/37 MP: 4/4
  1549 | D:3      | Noticed Natasha
  1560 | D:3      | Killed Natasha
  1761 | D:3      | Noticed Natasha
  1770 | D:3      | Killed Natasha
  1771 | D:3      | Reached skill level 5 in Ranged Weapons
  1771 | D:3      | Reached XP level 5. HP: 17/42 MP: 5/5
  1897 | D:3      | Found a blossoming altar of Fedhas.
  1982 | D:3      | Found a bloodstained altar of Trog.
  2039 | D:3      | Reached skill level 3 in Fighting
  2295 | D:3      | 2295 ||| UPGRADING to ring of protection from fire.
  2296 | D:3      | 2296 ||| UPGRADING to ring of poison resistance.
  2297 | D:3      | 2297 ||| READING 2 scrolls labelled LILELE MAAC.
  2298 | D:3      | 2298 ||| READING scroll labelled CUSI EPAXZO.
  2299 | D:3      | 2299 ||| DRINKING 3 sedimented black potions.
  2300 | D:3      | 2300 ||| READING 2 scrolls of identify.
  2300 | D:3      | 2300 ||| IDENTIFYING golden potion
  2301 | D:3      | 2301 ||| DROPPING scroll of noise.
  2430 | D:4      | Found a stormy altar of Qazlal.
  2569 | D:4      | Reached skill level 6 in Ranged Weapons
  2569 | D:4      | Reached XP level 6. HP: 51/51 MP: 6/6
  2683 | D:4      | 2683 ||| DRINKING potion of curing.
  2683 | D:4      | 2683 ||| (to cure confusion)
  2690 | D:4      | HP: 13/52 [something (4)]
  2691 | D:4      | 2691 ||| DRINKING 2 potions of heal wounds.
  2700 | D:4      | HP: 12/52 [poisoned by a scorpion]
  2701 | D:4      | 2701 ||| DRINKING potion of heal wounds.
  2960 | D:4      | Found a staircase to the Ecumenical Temple.
  2961 | D:4      | 2961 ||| PLANNING TEMPLE
  2961 | D:4      | 2961 ||| UPGRADING to +0 pair of gloves.
  2966 | D:4      | 2966 ||| DRINKING 3 white potions.
  2975 | Temple   | Entered the Ecumenical Temple
  2988 | Temple   | 2988 ||| PLANNING D:1-11
  3134 | D:4      | Found a sacrificial altar of Ru.
  3481 | D:5      | Entered Level 5 of the Dungeon
  3483 | D:5      | 3483 ||| STAIRDANCE
  3541 | D:5      | 3541 ||| STAIRDANCE
  3549 | D:4      | HP: 12/52 [orc wizard/puff of flame (2)]
  3552 | D:4      | 3552 ||| READING scroll of teleportation.
  3552 | D:4      | HP: 5/52 [orc wizard/+2 dagger of venom (4)]
  3554 | D:4      | HP: 2/52 [poisoned by an orc wizard]
  3555 | D:4      | Killed from afar by an orc priest

Levels and vault maps discovered:
D:1:      dpeg_arrival_three_same_balls, layout_loops_ring
D:2:      layout_basic, dreamdust_ecumenical_altar_grove, minmay_pentomino_o4
D:3:      layout_basic, marbit_many_paths, mainiacjoe_overflow_six_doors_small,
          minmay_randomly_rotated_circles, uniq_natasha
D:4:      layout_basic, mainiacjoe_overflow_boulevard,
          mainiacjoe_overflow_cross_hatched,
          minmay_temple_entry_drinking_statues, minmay_misc_feat_columns
D:5:      layout_rooms, kennysheep_mini_moat, zin_angel, serial_shops,
          nicolae_shop_just_a_little_nook, nicolae_shop_fire_sale
          [nicolae_sub_dead_trees], chequers_serial_rivers_small_3,
          minivault_24, minmay_misc_feat_ornament,
          nicolae_shop_overcharged_wands, uniq_eustachio
Temple:   hellmonk_temple_two_chambers

Skill      XL: |  1  2  3  4  5  6 |
---------------+-------------------+-----
Ranged Weapons | 3 4 5 6 |  6.9
Fighting       | 2 3 4 |  4.0
Armour         | 2 |  2.0
Dodging        | |  2.1
Spellcasting   | |  1.0
Hexes          | |  2.0

Action                     |  1- 3 |  4- 6 || total
---------------------------+-------+-------++-------
   Fire: Sling             |   128 |   226 ||   354
    Use: Scroll            |     4 |     4 ||     8
         Potion            |     1 |     5 ||     6
 Armour: Robe              |     5 |       ||     5
         Ring mail         |    16 |    70 ||    86
  Dodge: Dodged            |    65 |   114 ||   179

Table legend:
 A = Non-vault XP
 B = Vault XP
 C = Vault XP percentage of total XP
 D = Non-vault monster count
 E = Vault monster count
 F = Vault count percentage of total count
                 A         B        C        D         E       F
            +---------+---------+-------+---------+---------+-------
      Total |     601 |      57 |   8.7 |      75 |      12 |  13.8
            +---------+---------+-------+---------+---------+-------
        D:1 |      19 |       0 |   0.0 |      10 |       0 |   0.0
        D:2 |      49 |      10 |  16.9 |      13 |       4 |  23.5
        D:3 |     143 |      47 |  24.7 |      27 |       8 |  22.9
        D:4 |     390 |       0 |   0.0 |      25 |       0 |   0.0
            +---------+---------+-------+---------+---------+-------
